 Dungeon Crawl Stone Soup version 0.30-a0-782-ge64f9170bb (webtiles) character file.

Game seed: 5297252241407429970

67 Leeroy the Slasher (level 4, -1/23 HPs)
             Began as a Vine Stalker Warper on Feb 19, 2023.
             Slain by a gnoll
             ... wielding a +0 flail
              (7 damage)
             ... on level 1 of the Dungeon.
             The game lasted 00:01:44 (1021 turns).

Leeroy the Slasher (Vine Stalker Warper)            Turns: 1021, Time: 00:01:44

Health: -1/23      AC:  4    Str: 13    XL:     4   Next: 18%
Magic:  0/17       EV: 11    Int: 13    God:
Gold:   118        SH:  0    Dex: 16    Spells: 2/7 levels left

rFire   . . .      SeeInvis .    a - +0 falchion
rCold   . . .      Faith    .    (no shield)
rNeg    . . .      Spirit   +    b - +0 leather armour
rPois   .          Reflect  .    (no helmet)
rElec   .          Harm     .    (no cloak)
rCorr   .          Rampage  .    (no gloves)
Will    .....                    j - +0 pair of boots
Stlth   +                        (no amulet)
HPRegen 1.03/turn                g - ring of magical power
MPRegen 0.15/turn                (no ring)

@: no status effects
A: fangs 2, regeneration 1, magic shield, antimagic bite, no potion heal 2
a: no special abilities


You were on level 1 of the Dungeon.
You visited 1 branch of the dungeon, and saw 2 of its levels.

You collected 118 gold pieces.

Inventory:

Hand Weapons
 a - a +0 falchion (weapon)
Missiles
 d - 7 boomerangs of dispersal (quivered)
Armour
 b - a +0 leather armour (worn)
 j - a +0 pair of boots (worn)
Jewellery
 g - a ring of magical power (left hand)
Scrolls
 c - a scroll of blinking
 e - 2 scrolls of identify {unknown}
 f - a scroll of teleportation {unknown}
 i - a scroll of magic mapping {unknown}
Potions
 h - a potion of magic {unknown}


   Skills:
 - Level 1.7 Fighting
 + Level 3.9 Long Blades
 - Level 0.8 Throwing
 - Level 0.7 Armour
 - Level 1.5 Dodging
 - Level 2.1 Spellcasting
 - Level 3.0 Translocations


You had 2 spell levels left.
You knew the following spells:

 Your Spells              Type           Power      Damage    Failure   Level
a - Blink                 Tloc           18%        N/A       14%         2
b - Vhi's Electric Charg  Tloc/Air       10%        N/A       45%         3

Your spell library contained the following spells:

 Spells                   Type           Power      Damage    Failure   Level
 Lesser Beckoning         Tloc           18%        N/A       14%         2
 Teleport Other           Tloc           9%         N/A       28%         3
 Manifold Assault         Tloc           9%         N/A       67%         4


Dungeon Overview and Level Annotations

Branches:
Dungeon (2/15)

Altars:


Innate Abilities, Weirdness & Mutations

You have extremely sharp teeth.
Your natural rate of healing is unusually fast.
When hurt, damage is shared between your health and your magic reserves.
Your bite disrupts and absorbs the magic of your enemies.
Potions cannot restore your health.


Message History

You climb downwards.
The gnoll throws a poisoned dart.
The poisoned dart closely misses you.
There is a stone staircase leading up here.
The gnoll hits you with a +0 halberd! The gnoll attacks as you move away!
The gnoll hits you with a +0 halberd!
The gnoll hits you from afar with a +0 halberd.
There is a stone staircase leading up, spattered with blood here.
You hit the ball python.
You kill the ball python!
The gnoll hits you from afar with a +0 spear.
The gnoll hits you with a +0 spear.
Things that are here:
a ball python corpse; a giant cockroach corpse You hit the gnoll.
The gnoll is lightly wounded.
The gnoll barely misses you.
You barely miss the gnoll.
The gnoll is lightly wounded.
The gnoll closely misses you. x2
You hit the gnoll but do no damage. You bite the gnoll. You drain its power.
You feel invigorated.
The gnoll is moderately wounded.
The gnoll closely misses you. The gnoll hits you with a +0 spear.
The gnoll closely misses you.
You slash the gnoll! You bite the gnoll.
You kill the gnoll!
The gnoll hits you from afar with a +0 halberd!
The gnoll hits you with a +0 flail.
* * * LOW HITPOINT WARNING * * *
The gnoll attacks as you move away! The gnoll hits you with a +0 flail.
* * * LOW HITPOINT WARNING * * *
Things that are here:
a +0 spear; 9 gold pieces
There is a stone staircase leading up, spattered with blood here.
The gnoll barely misses you.
You climb upwards.
There is a stone staircase leading down here.
You barely miss the gnoll. You bite the gnoll, but do no damage.
The gnoll hits you with a +0 flail!
You die...

#.######.............# #.#
#.#....).............# #.#
#.#'####.............# #.#
#....# #)............#
#.#####
#....###.............#
#.#...#
#....+...............#
#.#.#.#
#....##..............#
####.#.#.#
#....##.....÷........#
#......#.#
#....)..........@....#
#.######.#
########.......g.....#
#.#......#
.......'.............#
#.#.######
.#######.............#
#.#.# .# #.............#
#.#.# .# ###############
#.#.###### .#
#################.#.......
.#
#.........††..>...########
.# #.#################


You could see a gnoll.

Vanquished Creatures
  A gnoll (D:2)
  An adder (D:2)
  3 dart slugs (D:1)
  7 ball pythons
  2 endoplasms (D:1)
  3 giant cockroaches
  8 goblins
  6 hobgoblins (D:1)
  3 bats
  3 frilled lizards (D:1)
  4 rats (D:1)
41 creatures vanquished.

Notes
Turn   | Place    | Note
-------+----------+-------------------------------------------
     0 | D:1      | Leeroy the Vine Stalker Warper began the quest for the Orb.
     0 | D:1      | Reached XP level 1. HP: 11/11 MP: 4/4
   130 | D:1      | Reached XP level 2. HP: 13/15 MP: 4/6
   468 | D:1      | Reached XP level 3. HP: 17/18 MP: 7/7
   962 | D:2      | Gained mutation: Your natural rate of healing is unusually
                  | fast. [Vine Stalker growth]
   962 | D:2      | Reached XP level 4. HP: 15/23 MP: 8/8
   988 | D:1      | Learned a level 2 spell: Blink
   992 | D:1      | Learned a level 3 spell: Vhi's Electric Charge
  1017 | D:2      | HP: 1/23 [gnoll/+0 flail (3)]
  1021 | D:1      | Slain by a gnoll

Illustrated notes

Levels and vault maps discovered:
D:1:      minmay_arrival_diagonal_passages, layout_basic
D:2:      minmay_wonky_spiral, layout_loops_cross,
          nicolae_ecumenical_snake_handling, serial_shops, shop

Skill      XL: |  1  2 |
---------------+-------+-----
Long Blades    | 2 3 |  3.9
Fighting       | |  1.7
Throwing       | |  0.8
Armour         | |  0.7
Dodging        | |  1.5
Spellcasting   | |  2.1
Translocations | |  3.0

Action                     |  1- 3 |  4- 6 || total
---------------------------+-------+-------++-------
  Melee: Falchion          |    79 |     6 ||    85
         Bite              |    23 |     3 ||    26
   Stab: Sleeping          |     2 |       ||     2
 Armour: Leather armour    |    17 |       ||    17
  Dodge: Dodged            |    53 |     8 ||    61

Table legend: (Time is in decaauts)
 A = Elapsed time spent in this place.
 B = Non-inter-level travel time spent in this place.
 C = Inter-level travel time spent in this place.
 D = Time resting spent in this place.
 E = Time spent auto-exploring this place.
 F = Levels seen in this place.
 G = Mean time per level.
                   A        B        C        D        E       F      G
               +--------+--------+--------+--------+--------+-----+--------+
         Total |   1034 |   1032 |      2 |      0 |    780 |   2 |  517.0 |
       Dungeon |   1034 |   1032 |      2 |      0 |    780 |   2 |  517.0 |
               +--------+--------+--------+--------+--------+-----+--------+

Top non-repeatable levels by time:
     D:1: 867 daAuts
     D:2: 167 daAuts
